[Event "Late-Titled-Tuesday-Blitz-November-28-2023"]
[Site "Chess.com"]
[Date "2023.11.28"]
[Round "6"]
[White "Mikasinski"]
[Black "TigrVShlyape"]
[Result "0-1"]
[WhiteElo "2710"]
[BlackElo "2970"]
[TimeControl "180+1"]
[EndTime "15:06:10 PST"]
[Termination "TigrVShlyape won by resignation"]

1. Nf3 Nf6 2. d4 d5 3. c4 c6 4. g3 g6 5. Bg2 Bg7 6. O-O O-O 7.
b3 Bg4 8. Bb2 Qc8 9. Re1 Bh3 10.
Bh1 h6 11. Nc3 e6 12. e4 dxe4 13. Nxe4 Nxe4 14. Rxe4 Bf5 15. Re1 Bg4 16. Qd3 Bxf3 17.
Bxf3 Nd7 18. Rad1 Nb6 19. Qc2 Rd8 20. h4 Rd7 21. Rd2 Qf8 22. h5 g5 23. Red1 Rad8 24.
c5 Nd5 25. Qc4 a6 26. b4 Ne7 27. Be4 Bf6 28. Bb1 Qg7 29. a4 g4 30. b5 axb5 31.
axb5 Qg5 32. bxc6 bxc6 33. Kg2 Qxh5 34. Be4 Qg5 35. Qa6 Rc8 36. Qa4 h5 37. Qc4 Rcd8 38. Qa6 Rc8 39. Qc4 Nd5 40. Qa6 Rdd8 41. Qc4 h4 42. gxh4 Nf4+ 43. Kf1 Qxh4 44. Qb3 Qh3+ 45.
Qxh3 Nxh3 46. Kg2 Ng5 47. Bd3 Nf3 48. Re2 Bxd4 49. Ba6 Rb8 50. Bxd4 Rxd4 51. Rxd4 Nxd4 52. Re4 Nb3 53. Rxg4+ Kf8 54. Rc4 Ra8 55. Rc3 Rxa6 56. Rxb3 Ra5 57. Rc3 Rb5 58. Kf3 Ke7 59. Ke4 Rb4+ 60.
Ke3 Kf6 61. Kf3 Ke5 62. Re3+ Kd5 63. Rd3+ Rd4 64. Rc3 e5 65. Ke3 f5 66. f3 Rc4 67.
Rd3+ Kxc5 68. Rd8 Rd4 69. Re8 f4+ 70. Ke2 Kd5 71. Rd8+ Kc4 72. Re8 Rd5 73. Kf2 c5 74.
Kg2 Kd3 75. Kh3 c4 76. Kg4 c3 77. Rd8 Rxd8 0-1

[Event "Late-Titled-Tuesday-Blitz-November-28-2023"]
[Site "Chess.com"]
[Date "2023.11.28"]
[Round "6"]
[White "DanylaBagrov"]
[Black "Aleksandar-Topalov"]
[Result "1-0"]
[WhiteElo "2597"]
[BlackElo "2406"]
[TimeControl "180+1"]
[EndTime "15:06:10 PST"]
[Termination "DanylaBagrov won by resignation"]

1. d4 Nf6 2. c4 c5 3. d5 d6 4.
Bf4 g6 5. Nc3 Bg7 6. h3 O-O 7. Nf3 Na6 8. e3 Nc7 9. Be2 Rb8 10. a4 b6 11. Nb5 a6 12. Nc3 Bd7 13.
O-O b5 14. axb5 axb5 15. Nd2 b4 16. Na4 Bxa4 17. Rxa4 Nh5 18. Bxh5 gxh5 19. b3 e6 20. dxe6 Nxe6 21. Bh2 h4 22. Ne4 Rb6 23. Bxd6 Rxd6 24.
Qxd6 Qc8 25. Qe7 Re8 26. Nd6 Rxe7 27. Nxc8 Re8 28. Nd6 Rd8 29. Ne4 Rd3 30. Ra8+ Bf8 31. Rb1 Kg7 32. Kf1 f5 33. Ra6 Kf7 34. Rxe6 Kxe6 35.
Ng5+ Ke5 36. Nf3+ Kf6 37. Ke2 Rc3 38. Kd2 Bh6 39. Nxh4 f4 40. exf4 Bxf4+ 41. Ke2 Rc2+ 42.
Kf3 Bg5 43. Kg4 Rxf2 44. g3 Rd2 45. Nf3 Rd3 46. Nxg5 Rd4+ 47. Kh5 Rd3 48. Rf1+ Kg7 49. Rf3 Rc3 50. Kg4 h6 51. Ne6+ Kg6 52. Nxc5 Rc1 53.
Nd3 Rb1 54. Nxb4 Re1 55. Rd3 h5+ 56. Kf3 Rf1+ 57. Kg2 Rb1 58. Nd5 Kf5 59. c5 Ke4 60. Nf4 h4 61. Rd2 hxg3 62. Kxg3 Rxb3+ 63. Kg4 Rb1 64. Re2+ Kd4 65. c6 Rc1 66. Re6 Rg1+ 67. Kf5 Rc1 68. h4 Rc5+ 69. Kg4 Rc1 70. h5 Rg1+ 71. Kf5 Rh1 72. h6 Rxh6 73. Rxh6 1-0

[Event "Late-Titled-Tuesday-Blitz-November-28-2023"]
[Site "Chess.com"]
[Date "2023.11.28"]
[Round "6"]
[White "K_A_S_T_O_R"]
[Black "AlexPapasimakopoulos"]
[Result "1-0"]
[WhiteElo "2901"]
[BlackElo "2680"]
[TimeControl "180+1"]
[EndTime "15:06:11 PST"]
[Termination "K_A_S_T_O_R won by checkmate"]

1. e4 e6 2. d4 d5 3. Nc3 Bb4 4. e5 c5 5. Bd2 Bxc3 6. Bxc3 cxd4 7. Qxd4 Ne7 8. Qg4 O-O 9. Nf3 b6 10. Bd3 h6 11. Bd2 Kh8 12. Qh5 Ng8 13. h4 Ba6 14. Rh3 Bxd3 15. cxd3 Nc6 16. Rg3 Qe7 17. Qg4 f6 18. d4 fxe5 19. dxe5 Rf5 20. O-O-O Rc8 21. Kb1 Qf7 22. Rc1 Nge7 23. Re1 d4 24. Qe4 Nd5 25. a3 a5 26. Rc1 Qd7 27. Rg4 Nde7 28. Rf4 Rxf4 29. Bxf4 a4 30. Bd2 Rd8 31. Ne1 b5 32. Nd3 Qd5 33. Qxd5 Rxd5 34. f4 h5 35. Nc5 Nd8 36. Ne4 Nec6 37. Rc5 Rxc5 38. Nxc5 Kh7 39. Kc2 Kg6 40. Kd3 Kf5 41. Ne4 Kg4 42. g3 Kf3 43.
Be1 Nb7 44. Ng5+ Kg4 45. Nxe6 Kf5 46. Nxd4+ Nxd4 47. Kxd4 Ke6 48. Bb4 g6 49. Bc3 Kf5 50.
Kd5 Nd8 51. Kc5 Kg4 52. Be1 Kf3 53. Kxb5 Ke2 54. Ba5 Ne6 55. Kc6 Kf2 56. Kd6 Ng7 57. e6 Kxg3 58. e7 Kxh4 59. Kd7 Kg4 60. Bc3 Nf5 61.
e8=Q Kxf4 62. Qxg6 h4 63. Ba5 h3 64. Bc7+ Kf3 65.
Qxf5+ Kg2 66. Qg4+ Kf2 67. Qxh3 Kg1 68. Qc3 Kf1 69.
Qc2 Ke1 70. Bd6 Kf1 71. Qd2 Kg1 72. Qe2 Kh1 73. Qh2# 1-0

[Event "Late-Titled-Tuesday-Blitz-November-28-2023"]
[Site "Chess.com"]
[Date "2023.11.28"]
[Round "6"]
[White "GothamChess"]
[Black "FuenfgegenWilly"]
[Result "1-0"]
[WhiteElo "2662"]
[BlackElo "2490"]
[TimeControl "180+1"]
[EndTime "15:06:11 PST"]
[Termination "GothamChess won by checkmate"]

1. d4 d5 2. Bf4 Nf6 3. Nc3 a6 4. e3 h6 5. Nf3 e6 6. Ne5 Nbd7 7. g4 Bb4 8. Bg2 Nxe5 9. Bxe5 b5 10. Qd3 Bb7 11. a3 Ba5 12. h3 Qe7 13. O-O O-O 14.
b4 Bb6 15. Rab1 Bc6 16. Bg3 Rfb8 17. e4 dxe4 18. Nxe4 Nxe4 19. Bxe4 Bxe4 20. Qxe4 Rd8 21. c3 Rd5 22. Rbe1 c6 23. Kg2 Bc7 24. f4 a5 25.
f5 Bxg3 26. Kxg3 axb4 27. axb4 Qd6+ 28. Qf4 exf5 29. Qxd6 Rxd6 30. Rxf5 Ra3 31. Rf3 g6 32. h4 Kf8 33. Ree3 Ra1 34. Kf4 Rh1 35. Rh3 Rf6+ 36. Kg3 Rg1+ 37. Kh2 Rgf1 38. Rhg3 R6f2+ 39. Rg2 Rf3 40. Rge2 R1f2+ 41. Kg1 Rxe2 42. Rxf3 Re4 43. Rg3 Ke7 44. Kf2 Ke6 45. Kf3 Re1 46. Kf4 f6 47.
h5 g5+ 48. Kf3 f5 49. gxf5+ Kxf5 50. Rg2 Re4 51. Rc2 g4+ 52. Kg2 Kg5 53. c4 Rxd4 54.
cxb5 cxb5 55. Rc5+ Kf4 56. Rxb5 Rd2+ 57. Kf1 g3 58.
Rb6 Kf3 59. Rf6+ Kg4 60. Rxh6 Kh3 61. Rg6 g2+ 62. Kg1 Rb2 63. h6 Rxb4 64. h7 Rb1+ 65. Kf2 Rf1+ 66. Ke2 Rf8 67. Rg8 g1=Q 68. Rxg1 Rh8 69.
Kf3 Kh4 70. Kf4 Kh5 71. Kf5 Kh6 72. Kf6 Rf8+ 73. Ke7 Rh8 74. Kf7 Rxh7+ 75. Kf6 Rh8 76. Rh1# 1-0

[Event "Late-Titled-Tuesday-Blitz-November-28-2023"]
[Site "Chess.com"]
[Date "2023.11.28"]
[Round "6"]
[White "randomo"]
[Black "Statham_l3"]
[Result "1-0"]
[WhiteElo "2366"]
[BlackElo "2553"]
[TimeControl "180+1"]
[EndTime "15:06:15 PST"]
[Termination "randomo won on time"]

1. e4 e6 2. d4 d5 3. Nc3 Nf6 4. Bg5 h6 5. Bxf6 Qxf6 6. exd5 Bb4 7. a3 Bxc3+ 8. bxc3 exd5 9. Nf3 O-O 10. Be2 Bg4 11. O-O Nd7 12. Ne5 Nxe5 13. dxe5 Bxe2 14. exf6 Bxd1 15.
fxg7 Kxg7 16. Rfxd1 c6 17. c4 dxc4 18. Rd7 b5 19. a4 Rfd8 20. Rc7 Rd6 21. g3 a5 22. Re1 bxa4 23. Ra1 Rb8 24. Rxa4 Rb4 25. Rxa5 Rb2 26. Rc5 Rxc2 27. R7xc6 Rd1+ 28. Kg2 Rdd2 29. Rf5 Rd7 30. Rf4 c3 31. Rf3 Rdd2 32. Rcxc3 Rxf2+ 33. Rxf2 Rxc3 34. Rf3 Rc2+ 35. Rf2 Rc4 36. h3 Kg6 37. Ra2 h5 38. h4 f6 39. Rf2 Rd4 40.
Ra2 Rb4 41. Ra5 Rc4 42. Rb5 Rd4 43. Ra5 Re4 44. Rb5 Re5 45. Rb4 Kf5 46. Rf4+ Ke6 47. Ra4 f5 48. Kf3 Rd5 49. Ra6+ Ke5 50. Ra3 Rc5 51. Re3+ Kf6 52. Ra3 Rc6 53. Ra5 Rd6 54. Ra3 Rc6 55. Rb3 Rd6 56. Ra3 Ke5 57. Ra5+ Ke6 58. Ra3 Rd4 59. Rb3 Rd5 60. Ra3 Ke5 61. Rb3 Rc5 62. Re3+ Kf6 63. Ra3 Rb5 64. Rc3 Ke5 65.
Re3+ Kf6 66. Ra3 1-0

[Event "Late-Titled-Tuesday-Blitz-November-28-2023"]
[Site "Chess.com"]
[Date "2023.11.28"]
[Round "6"]
[White "szefru"]
[Black "katharinareinecke"]
[Result "1/2-1/2"]
[WhiteElo "2322"]
[BlackElo "2014"]
[TimeControl "180+1"]
[EndTime "15:06:19 PST"]
[Termination "Game drawn by repetition"]

1. e4 c6 2. d4 d5 3. Nc3 b5 4. exd5 b4 5. Nce2 cxd5 6. Nf4 Nf6 7. Bb5+ Bd7 8. Bd3 e6 9. Nf3 Nc6 10. O-O Bd6 11. c3 O-O 12. h3 a5 13. Nh2 Qc7 14. g3 Ne4 15. Bxe4 dxe4 16. d5 exd5 17. Nxd5 Qb8 18. Bf4 Bxh3 19. Re1 Be6 20. Nf6+ gxf6 21. Bxd6 Qd8 22. Bxf8 Qxf8 23. Rxe4 Ne5 24. Qh5 Qg7 25.
cxb4 axb4 26. Rxb4 Nd3 27. Rd4 Nxb2 28. Rb1 Nc4 29. Ng4 Ne5 30. Nh6+ Kf8 31. Nf5 Qg6 32. Ra4 Rd8 33. Qxg6 hxg6 34. Ne3 Nf3+ 35. Kg2 Nd2 36. Rb7 Nc4 37. Nxc4 Bd5+ 38. Kh3 Bxb7 39. Ne3 Bc6 40.
Ra7 Rd2 41. f4 Rb2 42. a4 Rb1 43. Rc7 Be4 44. g4 f5 45. gxf5 gxf5 46. Kg3 Rg1+ 47.
Kf2 Ra1 48. Ra7 Ra2+ 49. Kg3 Ra3 50. Kf2 Ra2+ 51. Ke1 Ra1+ 52. Kd2 Ra2+ 53. Kc3 Ra3+ 54. Kd2 Ra2+ 55. Ke1 Ra1+ 56. Nd1 Bf3 57. Rd7 Ke8 58. Rd3 Bxd1 59. Rxd1 Rxa4 60. Rd5 Re4+ 61. Kf2 Rxf4+ 62. Kg3 Re4 63. Rxf5 Ke7 64. Ra5 Re3+ 65. Kf4 Re1 66. Ra6 f6 67. Kf5 Rf1+ 68. Ke4 Re1+ 69. Kf5 Rf1+ 70.
Kg4 Rg1+ 71. Kf3 Rf1+ 72. Ke2 Rh1 73. Ra7+ Ke6 74. Ra5 f5 75. Kf3 Rf1+ 76. Kg2 Rc1 77. Kg3 Kf6 78. Kf4 Ke6 79. Ra6+ Kd7 80. Kxf5 Rc5+ 81.
Ke4 Rh5 82. Kf4 Ke7 83. Kg4 Rc5 84. Kf4 Kd7 85. Ra7+ Kd6 86. Ra6+ Kd7 87. Ra7+ Kd6 88. Ra6+ Kd7 1/2-1/2

[Event "Late-Titled-Tuesday-Blitz-November-28-2023"]
[Site "Chess.com"]
[Date "2023.11.28"]
[Round "6"]
[White "Hikaru"]
[Black "Oleksandr_Bortnyk"]
[Result "0-1"]
[WhiteElo "3214"]
[BlackElo "3066"]
[TimeControl "180+1"]
[EndTime "15:06:21 PST"]
[Termination "Oleksandr_Bortnyk won by resignation"]

1. g3 Nf6 2. Bg2 d5 3. d3 c6 4. Nd2 e5 5. e4 Bd6 6. Ngf3 O-O 7. O-O a5 8. Re1 Re8 9. a4 Na6 10. b3 Nb4 11. Bb2 Qc7 12. Bf1 d4 13. Nc4 Be6 14.
Nxd6 Qxd6 15. h3 Nd7 16. Ng5 b5 17. Qd2 Nc5 18. Nxe6 fxe6 19. h4 Rf8 20. Bh3 bxa4 21. bxa4 Ra7 22. Re2 Rb7 23. Bc1 Rfb8 24. Kh2 Rf8 25. Kg2 Rbf7 26. Ba3 Rb7 27. Bc1 Rbf7 28. Bg4 Rb8 29. Qd1 Rfb7 30. Bd2 Rf7 31. Bh5 Rfb7 32. Bf3 Rf8 33. Bg4 Rbf7 34. Bh3 Rb7 35. f4 exf4 36. gxf4 Rxf4 37. Bxf4 Qxf4 38. Qe1 Rf7 39. Qg3 Qxg3+ 40. Kxg3 e5 41. h5 g6 42. h6 Rf6 43. Ra3 Kf7 44. Rd2 g5 45. Ra1 Rxh6 46. Rf2+ Rf6 47. Bf5 Kg7 48. Rh2 h6 49. Kg4 Rd6 50. Rc1 Rf6 51. Rb1 Kf7 52. Kg3 Kg7 53. Rhh1 Ne6 54. Rhc1 Nf4 55. Kf3 h5 56. c3 g4+ 57. Kg3 Ne2+ 58.
Kh4 dxc3 59. Re1 c2 60. Ra1 c1=Q 61. Raxc1 Nxc1 62. Rxc1 Nxd3 63. Rd1 Rd6 64. Kg5 Rd4 65.
Rh1 Nf2 66. Rxh5 Nxe4+ 67. Kh4 Nf6 68. Rg5+ Kf7 69. Bc2 Ke6 70. Bb3+ Kd6 71. Rg6 Rf4 72. Rg7 Kc5 73. Ra7 Kb4 74. Rb7+ Kc3 75. Be6 Rxa4 76. Rb6 Rd4 77. Rxc6+ Kd2 78. Bf5 Ne4 79. Ra6 a4 80. Bd7 Nc5 81. Bb5 Nxa6 0-1

[Event "Late-Titled-Tuesday-Blitz-November-28-2023"]
[Site "Chess.com"]
[Date "2023.11.28"]
[Round "6"]
[White "Redzishchess"]
[Black "egnfanclub"]
[Result "1-0"]
[WhiteElo "2512"]
[BlackElo "2339"]
[TimeControl "180+1"]
[EndTime "15:06:25 PST"]
[Termination "Redzishchess won by resignation"]

1. d4 d5 2. c4 c6 3. cxd5 cxd5 4. Nc3 Nf6 5. Bf4 Nc6 6. Nf3 Bf5 7. Qb3 Na5 8. Qa4+ Bd7 9. Qc2 Rc8 10. e3 e6 11. Bd3 Nc4 12. O-O Be7 13. Rfc1 b5 14. b3 Na3 15. Qb2 a6 16. Ne5 O-O 17.
Ne2 a5 18. Rxc8 Qxc8 19. Rc1 Qb7 20. Nxd7 Qxd7 21. Rc7 Qd8 22. Qc1 Bd6 23. Rc6 Bxf4 24. Qxa3 b4 25. Qc1 Bd6 26. Ra6 Qb8 27. Qc6 Bc7 28. Qc5 Bxh2+ 29. Kf1 Rc8 30. Rc6 Rxc6 31. Qxc6 Bc7 32. Bb5 Ne4 33. Bd3 Nd6 34. Nf4 g6 35.
Qd7 Ne4 36. Nxe6 fxe6 37. Qxe6+ Kg7 38. Qxd5 Nc3 39. Qd7+ Kh8 40. e4 Qd8 41. Qf7 Bd6 42. e5 Bf8 43. d5 Bg7 44. e6 Nxd5 45. Bc4 Ne7 46. Ke2 Qf8 47. Kd3 Qxf7 48. exf7 Bf8 49. Kd4 Nf5+ 50. Kd5 Kg7 51. Kc6 Kf6 52. Kb5 Nd4+ 53.
Kxa5 Nc2 54. Kb5 Ke7 55. Bd3 Bg7 56. Bxc2 Bc3 57. Kc4 Kxf7 58. a4 Be1 59. f3 Ke7 60. a5 Kd6 61. a6 Kc7 62. Bd3 Kb6 63. Kd5 Bg3 64. Ke6 g5 65. Kf5 Bf4 66. Kg4 Be3 67. Kh5 Ka7 68. Kh6 g4+ 69. Kxh7 gxf3 70. gxf3 Bf4 71. Bc4 Kb6 72. Kg6 Bb8 73. Kg5 Kc5 74.
f4 Kd6 75. Kg6 Ke7 76. f5 Kf8 77. Kf6 Ba7 78. Ke6 Bb8 79. Kd7 Kg7 80. Kc8 Ba7 81. Kb7 Bc5 82. a7 Bxa7 83. Kxa7 Kf6 84. Kb6 Kxf5 85.
Kb5 1-0

[Event "Late-Titled-Tuesday-Blitz-November-28-2023"]
[Site "Chess.com"]
[Date "2023.11.28"]
[Round "6"]
[White "Nf3c5"]
[Black "Zavgorodniy_Sergiy"]
[Result "1/2-1/2"]
[WhiteElo "2501"]
[BlackElo "2658"]
[TimeControl "180+1"]
[EndTime "15:06:33 PST"]
[Termination "Game drawn by 50-move rule"]

1. Nf3 d5 2. c4 e6 3. e3 dxc4 4. Bxc4 Nf6 5. d4 a6 6. O-O b5 7.
Bd3 Bb7 8. a4 b4 9. b3 Nbd7 10.
Bb2 c5 11. Nbd2 Be7 12. a5 O-O 13. Nc4 Qc7 14. Rc1 Rac8 15. h3 Rfd8 16. Qe2 h6 17. Rfd1 Ne4 18. Nfe5 Ndf6 19. Ng4 Nc3 20. Bxc3 bxc3 21.
Nb6 Rb8 22. Rxc3 Nxg4 23. Qxg4 Qc6 24. Bf1 Qe4 25. Qxe4 Bxe4 26. Rc4 Bd5 27. Nxd5 exd5 28. Rc3 cxd4 29. exd4 Bb4 30. Rc6 Bxa5 31. Rxa6 Bc3 32. Rc6 Bb2 33. Rd3 Rb4 34. Rc2 Bxd4 35. Rcd2 Bb6 36. Rxd5 Rxd5 37. Rxd5 Rxb3 38. Rd2 Rb1 39. g3 g6 40. Kg2 Kg7 41. h4 Rb4 42. Be2 Bd4 43. Bf3 Kf6 44. Re2 Rb6 45. Rd2 Be5 46.
Re2 Rd6 47. Re3 Rd2 48. Re2 Rd3 49. Re3 Rd6 50. Re2 Bd4 51. h5 g5 52. g4 Be5 53. Be4 Rd1 54. Bf5 Rd6 55. Rc2 Bf4 56. Re2 Kg7 57. Ra2 Rb6 58. Rc2 Be5 59. Be4 Bd4 60. Re2 Rb4 61. Bf5 Kf6 62. Kf3 Rb3+ 63. Kg2 Be5 64. Rc2 Bd4 65. Re2 Ra3 66. Be4 Be5 67. Bf5 Ra4 68. Rc2 Ra6 69. Re2 Rb6 70. Rc2 Rd6 71. Be4 Bd4 72. Rc6 Ke5 73. Rxd6 Kxd6 74. f3 Ke5 75. Bf5 Kf4 76. Be4 Be5 77.
Bf5 Ke3 78. Be4 Bf4 79. Bf5 Ke2 80. Be4 Ke3 81. Bf5 Kd4 82. Be4 Ke5 83. Bf5 Kf6 84. Be4 Be5 85. Bf5 Bd6 86. Be4 Bc5 87. Bf5 Bb6 88.
Be4 Ba7 89. Bf5 Bb8 90. Kf1 Ke7 91. Ke2 Kd6 92. Ke3 Ke5 93. Be4 Ba7+ 94. Ke2 Bb6 95. Bf5 Kf4 96. Be4 Bc5 97. Bf5 Bd4 98. Be4 Be5 99. Bf5 f6 100. Be4 Kg3 101. Bf5 Kf4 102. Be4 Bd6 103. Bf5 Ke5 104. Be4 Kd4 105. Bf5 Kc3 106. Be4 Bf4 107. Bf5 Kd4 108. Be4 Kc5 109. Bf5 Kd6 110. Be4 Be5 111. Bf5 Ke7 112. Be4 Bd4 113. Bf5 Bc5 114. Be4 Bb6 115. Bf5 Ba7 116. Kd3 Bb8 117. Ke4 Bf4 118. Kd5 Be5 119. Kc6 Bg3 120. Kd5 Bh2 121. Bd3 Bg1 122. Ke4 Bf2 123. Kf5 Kf7 124. Bc4+ Kg7 125. Ke6 Be3 126. Bd3 Bd4 127. Bf5 Bc3 128. Ke7 Bb4+ 129. Ke8 Ba3 130. Kd7 Bc5 131. Ke6 Bf8 132. Kd7 Bc5 133. Ke8 Bd4 134. Ke7 Be3 135. Ke6 Bf2 136. Ke7 Bg3 137. Ke6 Bh4 138. Ke7 Bf2 139. Ke6 Bg1 140. Kd5 Ba7 141. Ke4 Bb8 142. Kd3 Kf8 143. Ke2 Ke8 144. Kd3 Ke7 145. Kc4 Kd6 146. Kd4 Ba7+ 147. Ke4 Bc5 148. Bc8 Ke7 149. Ba6 Kf7 1/2-1/2

[Event "Late-Titled-Tuesday-Blitz-November-28-2023"]
[Site "Chess.com"]
[Date "2023.11.28"]
[Round "6"]
[White "Hirna2005"]
[Black "GlavkonVVS"]
[Result "1/2-1/2"]
[WhiteElo "2344"]
[BlackElo "2498"]
[TimeControl "180+1"]
[EndTime "15:06:33 PST"]
[Termination "Game drawn by stalemate"]

1. e4 Nf6 2. e5 Nd5 3. Nf3 d6 4.
d4 Bg4 5. Be2 e6 6. O-O Be7 7.
c4 Nb6 8. exd6 cxd6 9. b3 O-O 10. Nc3 d5 11. c5 Bxf3 12. Bxf3 Nc8 13. Bf4 Nc6 14.
Qd2 Bf6 15. Ne2 N8e7 16. b4 Nf5 17. Be3 Re8 18. b5 Na5 19. Ng3 Nc4 20. Qd3 Ncxe3 21. fxe3 Nxg3 22. hxg3 g6 23. Kf2 Bg7 24. Rh1 Qg5 25. Rh4 h5 26. c6 bxc6 27. bxc6 Rab8 28. Rc1 Rb2+ 29. Rc2 Rxc2+ 30. Qxc2 Rc8 31. Be2 Rc7 32. Ba6 Bf8 33. Rf4 Bd6 34. Rf3 h4 35.
gxh4 Qxh4+ 36. Ke2 Qg4 37. Kf1 Qe4 38. Bd3 Qh4 39.
Rh3 Qf6+ 40. Rf3 Qg5 41. Bb5 Kg7 42. Qf2 f5 43. Qd2 Rc8 44. Qa5 Qe7 45. Qa6 Rh8 46.
Qb7 Rh1+ 47. Ke2 Bc7 48. Qc8 Rb1 49. a4 Rb2+ 50. Kf1 Bd8 51. Qd7 Qxd7 52. cxd7 Kf6 53. Rh3 Rb1+ 54. Ke2 Rb2+ 55. Kf3 g5 56. Rh6+ Ke7 57.
Rh7+ Kd6 58. Rh8 g4+ 59. Kg3 Kc7 60. Re8 a6 61. Bxa6 Kxd7 62. Rg8 Bc7+ 63. Kh4 Rxg2 64.
Bb5+ Kd6 65. Rg7 e5 66. Rd7+ Ke6 67. Rxc7 exd4 68. exd4 f4 69. Rc6+ Kf5 70. Rc5 Ke4 71.
Kg5 f3 72. Bc6 Kxd4 73. Rxd5+ Kc4 74. Rf5 f2 75. Bxg2 g3 76. Kg4 Kd3 77. Kxg3 f1=Q 78.
Rxf1 Kd4 79. Rd1+ Kc5 80. Kf2 Kb6 81. Ke3 Ka5 82. Ke4 Kb4 83. Ke5 Kxa4 84. Ke6 Kb5 85. Ke7 Kc4 86. Rd2 Kc3 87. Rd5 Kc4 88. Ke6 Kb4 89. Kd6 Kc3 90. Rc5+ Kd4 91. Kc6 Ke3 92. Rd5 Ke2 93. Kc5 Ke3 94. Rd4 Kf2 95. Kd5 Kg3 96. Rd3+ Kf2 97. Ke4 Ke1 98. Ke3 1/2-1/2

[Event "Late-Titled-Tuesday-Blitz-November-28-2023"]
[Site "Chess.com"]
[Date "2023.11.28"]
[Round "6"]
[White "LiemLe"]
[Black "Angry_Twin"]
[Result "1/2-1/2"]
[WhiteElo "3133"]
[BlackElo "2964"]
[TimeControl "180+1"]
[EndTime "15:06:47 PST"]
[Termination "Game drawn - insufficient material"]

1. Nf3 d5 2. e3 Nf6 3. c4 e6 4. Nc3 Bd6 5. b3 O-O 6. Bb2 c6 7. Qc2 Nbd7 8. Rg1 e5 9. cxd5 Nxd5 10. g4 Re8 11. h4 N7b6 12. a3 Nxc3 13. dxc3 e4 14.
Ng5 Qe7 15. Bg2 f5 16. gxf5 Bxf5 17. c4 Be5 18. f4 exf3 19. Qxf5 Bc3+ 20. Kf1 fxg2+ 21.
Kxg2 g6 22. Qc2 Bxb2 23. Qxb2 Qxe3 24. Rae1 Qf4 25. Qf2 Qxf2+ 26. Kxf2 Nd7 27. Rxe8+ Rxe8 28. Rd1 Nf6 29. Rd6 Kg7 30. Kf3 h6 31. Ne6+ Kf7 32.
Nd8+ Ke7 33. Re6+ Kxd8 34. Rxf6 Rg8 35. Rf7 Kc8 36. Rh7 h5 37. Kf4 Rd8 38. Ke5 Rd3 39. b4 Rh3 40. Kd6 Rd3+ 41. Ke6 Rd4 42. c5 a6 43. Rg7 Rxh4 44. Rxg6 Rh3 45. Rh6 Rxa3 46. Rxh5 Rc3 47. Rh4 a5 48. bxa5 Rxc5 49. Rh8+ Kc7 50. Rh7+ Kb8 51. a6 bxa6 52. Kd6 Rc4 53. Rg7 a5 54.
Rg5 a4 55. Rg7 a3 56. Rg3 a2 57. Ra3 Rc2 58. Ke5 Kb7 59. Kd4 Kb6 60. Kd3 Rh2 61. Kc4 c5 62. Ra8 Rc2+ 63. Kb3 Rh2 64. Ra4 Kb5 65. Ra8 c4+ 66. Kc3 Rh3+ 67. Kb2 Rh2+ 68.
Kc3 Kc5 69. Rxa2 Rh3+ 70. Kc2 Kd4 71. Ra8 Rh2+ 72. Kc1 Kd3 73. Rd8+ Kc3 74. Kb1 Rh1+ 75. Ka2 Kc2 76. Rg8 Rd1 77. Rg2+ Rd2 78. Rg1 c3 79.
Ka3 Re2 80. Rh1 Kd2 81. Kb3 Rf2 82. Rg1 Re2 83. Rh1 c2 84. Kb2 Rf2 85. Rg1 Kd3 86. Rg3+ Kd2 87. Rg1 Re2 88. Rh1 Re5 89. Rh2+ Re2 90.
Rxe2+ Kxe2 91. Kxc2 1/2-1/2

[Event "Late-Titled-Tuesday-Blitz-November-28-2023"]
[Site "Chess.com"]
[Date "2023.11.28"]
[Round "6"]
[White "MKlose11"]
[Black "tolimachess"]
[Result "1-0"]
[WhiteElo "2596"]
[BlackElo "2378"]
[TimeControl "180+1"]
[EndTime "15:06:50 PST"]
[Termination "MKlose11 won by checkmate"]

1. e4 c5 2. Nc3 Nc6 3. g3 g6 4. Bg2 Bg7 5. d3 e5 6. Be3 Nge7 7. Qd2 d6 8. Bh6 O-O 9. h4 f5 10. Bxg7 Kxg7 11. h5 f4 12. hxg6 hxg6 13. Nge2 g5 14. gxf4 exf4 15. O-O-O Ng6 16. Bf3 Be6 17. Rdg1 Qf6 18.
Bh5 Nce5 19. Bxg6 Nxg6 20. Rh2 Rh8 21. Rhg2 Rh5 22. f3 Kf7 23. d4 Nh4 24. Rf2 Ng6 25.
Nb5 Qe7 26. b3 a6 27. Nbc3 Rd8 28. Rd1 Rhh8 29. Rg2 Nh4 30. Rf2 b5 31. Kb1 b4 32.
Na4 Bd7 33. Nb6 Bc6 34. Nc4 Bb5 35. Nb6 Bc6 36. Rg1 Qf6 37. Nc4 Bb5 38. Nb6 Bc6 39. Rd1 Ng6 40. Nc1 cxd4 41. Qxd4 Qxd4 42. Rxd4 a5 43. Nc4 Ke6 44. Nxa5 Ba8 45. Rxb4 Rh1 46. Kb2 Ne5 47. Nd3 Ng6 48. Rb6 Nh4 49. Nc4 Rh3 50.
Nd2 Rc8 51. Rb5 d5 52. exd5+ Bxd5 53. Nc5+ Kd6 54. Nce4+ Bxe4 55. Nxe4+ Ke7 56. Nxg5 Rg3 57. Ne4 Rxf3 58. Re5+ Kd7 59. Nf6+ Kd6 60. Rxf3 Nxf3 61. Rf5 Nd4 62. Rxf4 Nxc2 63. Rf2 Nb4 64. Ne4+ Ke5 65.
Re2 Kd4 66. Nf2 Nd5 67. a3 Rb8 68. Rc2 Ne3 69. Rd2+ Ke5 70. Nd1 Nd5 71. Nc3 Nf4 72.
Kc2 Rc8 73. b4 Ne6 74. Kb3 Nd4+ 75. Kb2 Nc6 76. Re2+ Kd4 77. Rc2 Ne5 78. Nb5+ Kd3 79. Rxc8 Nc4+ 80. Rxc4 Kxc4 81. Nc3 Kd4 82. Kb3 Ke5 83.
a4 Kd6 84. b5 Kc7 85. Kb4 Kb6 86. a5+ Ka7 87. b6+ Kb7 88. Kb5 Kc8 89. a6 Kd7 90. a7 Kd6 91. a8=Q Ke5 92. b7 Kf4 93. b8=Q+ Ke3 94. Qe4+ Kd2 95. Qbf4+ Kxc3 96. Qc1+ Kb3 97. Qec4# 1-0

[Event "Late-Titled-Tuesday-Blitz-November-28-2023"]
[Site "Chess.com"]
[Date "2023.11.28"]
[Round "6"]
[White "C_K_G"]
[Black "Nick12772"]
[Result "0-1"]
[WhiteElo "2185"]
[BlackElo "2385"]
[TimeControl "180+1"]
[EndTime "15:07:32 PST"]
[Termination "Nick12772 won by checkmate"]

1. e4 e6 2. Nf3 d5 3. Nc3 d4 4. Ne2 c5 5. c3 dxc3 6. bxc3 Nc6 7.
d4 cxd4 8. cxd4 Bb4+ 9. Bd2 Bxd2+ 10. Qxd2 Nf6 11. Ng3 O-O 12. e5 Nd5 13. Bd3 Qa5 14.
Qxa5 Nxa5 15. O-O Bd7 16. Ne4 Nb4 17. Bb1 Bc6 18. Nfd2 Rfd8 19. Nd6 Nd5 20. Be4 Nc3 21. Bxc6 Nxc6 22. Nf3 b6 23. Rfe1 Nb4 24. Rac1 Nbxa2 25.
Rc2 b5 26. Nxb5 Nxb5 27. Rxa2 Nxd4 28. Nxd4 Rxd4 29. g3 a5 30. Rb1 g5 31. Rb5 a4 32. h3 Kg7 33. Kg2 Rd3 34. Rb7 a3 35. Rb5 h5 36. Kf1 h4 37. gxh4 gxh4 38. Kg2 Kg6 39. Rb4 Kf5 40. Rxh4 Kxe5 41. Rb4 Rg8+ 42. Kh2 Rh8 43. h4 Rc8 44. Kg2 Rcc3 45. Ra4 Kf5 46.
Kh2 Kg6 47. Kg2 Kh5 48. Kh2 Rh3+ 49. Kg2 Rxh4 50. R2xa3 Rxa3 51. Rxa3 Rf4 52. Kg3 Rf6 53. Ra8 Kg6 54. Ra7 e5 55. Ra4 Rf5 56. Ra6+ f6 57.
Ra8 Kf7 58. Ra7+ Ke6 59. Ra6+ Ke7 60. Ra5 Rf4 61. Ra6 Kd7 62. Ra7+ Kd6 63. Ra6+ Kd5 64.
Ra5+ Ke6 65. Ra6+ Kf7 66. Ra8 Rb4 67. Ra7+ Kg6 68. Ra6 Kf5 69. Rc6 Rb3+ 70. Kg2 e4 71. Ra6 Rb2 72. Kg3 Rb3+ 73. Kg2 Rf3 74. Ra5+ Kf4 75. Ra7 f5 76. Ra5 Rb3 77. Ra8 Rb2 78. Kg1 Kf3 79. Ra1 f4 80. Rf1 Kg4 81. Kg2 e3 82. Kg1 e2 83. Re1 f3 84. Kh1 Rd2 85.
Kh2 Rd1 86. Rxd1 exd1=N 87. Kg1 Kf4 88. Kf1 Nc3 89. Ke1 Ne4 90. Kf1 Ke5 91. Kg1 Kd4 92.
Kf1 Kd3 93. Ke1 Kc2 94. Kf1 Kd2 95. Kg1 Ke2 96. Kh2 Kxf2 97. Kh1 Ke1 98. Kh2 f2 99. Kg2 f1=Q+ 100. Kh2 Qf2+ 101. Kh3 Qg3# 0-1

[Event "Late-Titled-Tuesday-Blitz-November-28-2023"]
[Site "Chess.com"]
[Date "2023.11.28"]
[Round "7"]
[White "miraitrunks"]
[Black "kxt100"]
[Result "0-1"]
[WhiteElo "2035"]
[BlackElo "2257"]
[TimeControl "180+1"]
[EndTime "15:09:50 PST"]
[Termination "kxt100 won by resignation"]

1. e4 c5 2. c3 b6 3. d4 Bb7 4. Bd3 Nf6 5. Qe2 cxd4 6. cxd4 Nc6 7. Nf3 Nb4 8. e5 Rc8 9. Nc3 Nfd5 10. Nxd5 Bxd5 11.
O-O Nxd3 12. Qxd3 Bc4 13. Qe4 Bxf1 14. Kxf1 e6 0-1

[Event "Late-Titled-Tuesday-Blitz-November-28-2023"]
[Site "Chess.com"]
[Date "2023.11.28"]
[Round "7"]
[White "DraningWaterHi"]
[Black "emeli_chess"]
[Result "0-1"]
[WhiteElo "2170"]
[BlackElo "2371"]
[TimeControl "180+1"]
[EndTime "15:10:38 PST"]
[Termination "emeli_chess won by resignation"]

1. d4 Nf6 2. c4 e6 3. Nf3 b6 4. g3 Bb7 5. Bg2 c5 6. O-O cxd4 7. Nxd4 Bxg2 8. Kxg2 Be7 9. Nc3 O-O 10. e4 d6 11. Be3 a6 12. f4 Qc7 13. Qe2 Nbd7 14. Rad1 Rac8 15. Nb3 Qxc4 16. Qxc4 Rxc4 17. e5 dxe5 18.
fxe5 Ng4 19. Rxd7 Nxe3+ 20. Kf2 Nxf1 21. Rxe7 Nxh2 0-1

[Event "Late-Titled-Tuesday-Blitz-November-28-2023"]
[Site "Chess.com"]
[Date "2023.11.28"]
[Round "7"]
[White "gmpeter008"]
[Black "Meri-Arabidze"]
[Result "0-1"]
[WhiteElo "2502"]
[BlackElo "2677"]
[TimeControl "180+1"]
[EndTime "15:10:51 PST"]
[Termination "Meri-Arabidze won by resignation"]

1. d4 Nf6 2. c4 g6 3. g3 Bg7 4. Bg2 O-O 5. Nf3 c6 6. O-O d5 7.
b3 Bf5 8. Bb2 a5 9. Nc3 Ne4 10.
Nh4 Nxc3 11. Bxc3 Be6 12. cxd5 cxd5 13. e4 dxe4 14. Bxe4 Nc6 15. Nf3 Bd5 16. Qe2 e6 17.
Rfd1 Rc8 18. Rac1 Re8 19. h4 h6 20. Ne5 Bxe4 21. Qxe4 Nxe5 22. dxe5 Rxc3 0-1